 Dungeon Crawl Stone Soup version 0.17.1-2-g5865329 (webtiles) character file.

7 ololoev the Skirmisher (level 1, -3/18 HPs)
             Began as a Demonspawn Fighter on Jan 25, 2016.
             Slain by bollicks1999's ghost (5 damage)
             ... on level 3 of the Dungeon.
             The game lasted 00:01:02 (170 turns).

ololoev the Skirmisher (Demonspawn Fighter)          Turns: 170, Time: 00:01:02

Health: -3/18      AC:  6    Str: 21    XL:     1   Next: 83%
Magic:  1/1        EV:  7    Int: 11    God:
Gold:   12         SH:  9    Dex: 17    Spells: 0 memorised, 0 levels left

rFire  . . .     SeeInvis .     a - +0 war axe
rCold  . . .     Clarity  .     b - +0 scale mail
rNeg   . . .     SustAt   .     c - +0 shield
rPois  .         Gourm    .     (no helmet)
rElec  .         Spirit   .     (no cloak)
rCorr  .         Warding  .     (no gloves)
rMut   .         Stasis   .     (no boots)
MR     .....                    (no amulet)
Stlth  ..........               i - +2 ring of intelligence
                                g - +5 ring of dexterity

@: mighty, not resistant to hostile enchantments, extremely unstealthy
A: no striking features
a: no special abilities

Inventory:

Hand Weapons
 a - a +0 war axe (weapon)
Armour
 b - a +0 scale mail (worn)
 c - a +0 shield (worn)
Jewellery
 g - a +5 ring of dexterity (left hand)
 i - a +2 ring of intelligence (right hand)
Scrolls
 f - a scroll of immolation {unknown}
 h - a scroll of teleportation {unknown}
Comestibles
 e - a bread ration


   Skills:
 - Level 3.0 Fighting
 * Level 2.1 Axes
 + Level 2.9 Armour
 - Level 2.6 Shields


You couldn't memorise any spells.
You didn't know any spells.


You were on level 3 of the Dungeon.
You were not hungry.

You visited 1 branch of the dungeon, and saw 3 of its levels.

You collected 12 gold pieces.

# .## ..#
###.#####
#.......
#..##.#o.######
#...W@lo......
#.>..####.....##
..# ..#### ...#
..... ..o.##
##..# ..#

Notes
Turn   | Place    | Note
--------------------------------------------------------------
     0 | D:1      | ololoev the Demonspawn Fighter began the quest for the Orb.
     0 | D:1      | Reached XP level 1. HP: 18/18 MP: 1/1
   164 | D:3      | Noticed bollicks1999's ghost (weakling HOFi)
   170 | D:3      | Slain by bollicks1999's ghost

Dungeon Overview and Level Annotations

Branches:
Dungeon (3/15)

Altars:

Annotations:
D:3 bollicks1999's ghost, weakling HOFi


Message History

You hit the ooze.
The ooze is almost dead.
The ooze hits you but does no damage. The ooze hits you.
You hit the ooze.
You kill the ooze!
Your Axes skill increases to level 2!
No target in view!
i - a twisted wooden ring Put on which piece of jewellery? (? for menu, Esc to quit)
You feel clever.
i - a +2 ring of intelligence (right hand)
There is a stone staircase leading down here.
You climb downwards.
A giant newt, 2 orcs and a player ghost come into view.
The orc shouts!
Found a stone staircase leading down.
There is a stone staircase leading up here.
Press: ? - help, v - describe, . - travel
Here: bollicks1999's ghost The floor.
Unknown command.
Drink which item? (? for menu, Esc to quit)
You feel very mighty all of a sudden.
You slash bollicks1999's ghost!
Bollicks1999's ghost is moderately damaged.
You block bollicks1999's ghost's attack.
Bollicks1999's ghost barely misses you.
You slash bollicks1999's ghost!
Bollicks1999's ghost is heavily damaged.
Bollicks1999's ghost whispers, "Trust me.
Just give in."
Bollicks1999's ghost hits you. You block the giant newt's attack.
You slash bollicks1999's ghost!
Bollicks1999's ghost is severely damaged.
You barely miss the giant newt. Bollicks1999's ghost hits you!
The giant newt barely misses you. Bollicks1999's ghost hits you.
You hit bollicks1999's ghost.
Bollicks1999's ghost is almost destroyed.
You miss the giant newt. You block the giant newt's attack.
Bollicks1999's ghost hits you.
You die...

You could see bollicks1999's ghost, 2 orcs and a giant newt.

Vanquished Creatures
  An ooze (D:2)
  A bat (D:1)
  A rat (D:1)
3 creatures vanquished.

Action                   || total
-------------------------++-------
Melee: War axe           ||    10
  Use: Potion            ||     1

Vault maps used:
D:1:      kilobyte_arrival_exit_the_forest, serial_bayou_pond_b,
          grunt_decor_resistance
D:2:      ecumenical_altar_1, uniq_sigmund, uniq_iyjb
D:3:      grunt_temple_overflow_lords_of_destruction, marbit_many_paths,
          first_bread
